 Dungeon Crawl Stone Soup version 0.32-a0-560-g4c7f4391e0 (webtiles) character file.

Game seed: 14659491087914456364

125 lunkers the Cutter (level 5, -8/38 HPs)
             Began as a Coglin Brigand on Feb 29, 2024.
             Succumbed to a kobold brigand's curare-tipped dart
             ... on level 3 of the Dungeon.
             The game lasted 00:02:39 (2586 turns).

lunkers the Cutter (Coglin Brigand)                 Turns: 2586, Time: 00:02:40

Health: -8/38      AC:  3    Str: 13    XL:     5   Next: 9%
Magic:  5/5        EV: 11    Int: 10    God:
Gold:   112        SH:  0    Dex: 16    Spells: 4/4 levels left

rFire   . . .        a - +2 dagger {Suphaphon}
rCold   . . .        g - +0 short sword {Genichi}
rNeg    . . .        b - +0 robe
rPois   .            (no helmet)
rElec   .            c - +0 cloak
rCorr   .            (no gloves)
SInv    .            (no boots)
Will    +....        (amulet unavailable)
Stlth   ++           (ring unavailable)
HPRegen 0.26/turn    (ring unavailable)
MPRegen 0.09/turn    (no gizmo)

%: no passive effects
@: lethally poisoned (-8 -> -46), enlightened, flying, slowed, very slow
A: off-hand wielding, slow wielding, warmup strikes, no jewelry
a: Invent Gizmo


You were on level 3 of the Dungeon.
You visited 1 branch of the dungeon, and saw 3 of its levels.

You collected 112 gold pieces.

Inventory:

Hand Weapons
 a - a +2 dagger (weapon) {Suphaphon}
 g - a +0 short sword (offhand) {Genichi}
 s - a +0 rapier
Missiles
 d - 25 poisoned darts
 e - 3 curare-tipped darts
Armour
 b - a +0 robe (worn)
 c - a +0 cloak (worn)
 f - a +0 scale mail
 q - a +0 cloak
Scrolls
 h - 2 scrolls of noise {unknown}
 i - a scroll of immolation {unknown}
 j - a scroll of butterflies {unknown}
 k - 2 scrolls of teleportation {unknown}
 n - a scroll of revelation {unknown}
 p - a scroll of fog {unknown}
 t - 2 scrolls of identify {unknown}
 u - a scroll of amnesia {unknown}
Potions
 m - a potion of mutation {unknown}
 o - a potion of brilliance {unknown}
 r - a potion of curing {unknown}


   Skills:
 - Level 2.0 Fighting
 + Level 4.6 Short Blades
 - Level 1.7 Throwing
 - Level 0.8 Dodging
 - Level 3.2 Stealth


You had 4 spell levels left.
You didn't know any spells.
Your spell library contained the following spells:

 Spells                   Type           Power      Damage    Failure   Level
 Animate Dead             Necr           0%         N/A       98%         4
 Borgnjor's Vile Clutch   Necr/Erth      0%         N/A       100%        5
 Death Channel            Necr           0%         N/A       100%        6


Dungeon Overview and Level Annotations

Branches:
Dungeon (3/15)

Altars:


Innate Abilities, Weirdness & Mutations

You can wield a second weapon in your off-hand.
It takes a long time for you to wield or remove held weapons.
Your first few attacks do less damage.
You cannot equip rings or amulets.


Message History

A bat is nearby! 2 kobold brigands come into view.
A kobold brigand is wielding a +0 short sword and quivering poisoned darts.
A kobold brigand is wielding a +1 short sword of draining and quivering curare-tipped darts.
The kobold brigand shouts!
The kobold brigand throws a curare-tipped dart.
The curare-tipped dart hits you.
You are poisoned.
You have difficulty breathing.
You feel yourself slow down.
A kobold comes into view. It is wielding a +0 club.
A rat comes into view.
You feel very sick.
The kobold brigand shouts!
The rat squeaks loudly.
You hear a shout!
The bat misses you.
A kobold comes into view. x2
The kobold shouts! x2
You hit the bat with your +0 short sword.
You kill the bat!
You feel very sick.
The kobold brigand throws a curare-tipped dart.
The curare-tipped dart hits you.
You are more poisoned.
You have difficulty breathing.
* * * LOW HITPOINT WARNING * * *
You feel as though you will be slow longer.
The kobold brigand throws a poisoned dart.
The poisoned dart hits you!
You are more poisoned.
You are too injured to fight recklessly!
* * * LOW HITPOINT WARNING * * *
You feel extremely sick.
The kobold brigand throws a curare-tipped dart.
The curare-tipped dart hits you.
You are more poisoned.
You have difficulty breathing.
* * * LOW HITPOINT WARNING * * *
You feel as though you will be slow longer.
It was a potion of enlightenment.
You feel very buoyant.
You fly up into the air.
You die...

###### ## #....# ... #....# ....
####....#########.....
..#......#............
..'......'...@.†K.KK..
.#......#.......KK...
##....#########r.... #....# ....
#....# ...
########''#######################
≈≈≈≈≈~......~≈≈≈≈≈≈≈≈≈≈≈≈≈≈≈≈≈≈≈≈
≈≈≈≈≈~.....~~≈≈≈≈≈≈≈≈≈≈≈≈≈≈≈≈≈≈≈≈
≈≈~≈~(~.....≈≈~~~~~~~≈~~~~≈~~~≈~~


You could see 2 kobold brigands, 3 kobolds and a rat.

Vanquished Creatures
  Crazy Yiuf (D:2)
  2 gnolls (D:3)
  A dart slug (D:1)
  3 ribbon worms
  2 endoplasms (D:1)
  2 giant cockroaches (D:2)
  4 goblins
  12 hobgoblins
  3 jackals (D:1)
  8 kobolds
  A quokka (D:3)
  9 ball pythons
  8 bats
  3 frilled lizards (D:1)
  8 rats
67 creatures vanquished.

Notes
Turn   | Place    | Note
-------+----------+-------------------------------------------
     0 | D:1      | lunkers the Coglin Brigand began the quest for the Orb.
     0 | D:1      | Reached XP level 1. HP: 16/16 MP: 1/1
    62 | D:1      | Reached skill level 2 in Short Blades
   122 | D:1      | Reached XP level 2. HP: 13/22 MP: 2/2
   280 | D:1      | Reached skill level 3 in Short Blades
   390 | D:1      | Reached XP level 3. HP: 21/27 MP: 3/3
   905 | D:2      | Found a runed translucent door.
   906 | D:2      | Noticed Crazy Yiuf
  1267 | D:2      | Found a faded altar of an unknown god.
  1335 | D:2      | Reached XP level 4. HP: 8/33 MP: 4/4
  1812 | D:2      | Killed Crazy Yiuf
  1813 | D:2      | Reached skill level 4 in Short Blades
  2371 | D:3      | Reached XP level 5. HP: 9/38 MP: 5/5
  2581 | D:3      | Noticed a kobold brigand
  2581 | D:3      | Noticed a kobold brigand
  2586 | D:3      | Succumbed to a kobold brigand's curare-tipped dart

Illustrated notes

Levels and vault maps discovered:
D:1:      giann_wishing_wells, layout_basic, wad_floor_pattern_untrapped,
          nrook_mini_backslash, minmay_tetromino_l4
D:2:      wad_lake_hut, layout_rooms, ebering_ecumenical_altar_mist,
          st_stairs_5, uniq_crazy_yiuf_cottage
D:3:      minmay_goblin_kobold_castle, layout_loops_ring

Skill      XL: |  1  2  3  4 |
---------------+-------------+-----
Short Blades   | 2 3 4 |  4.6
Fighting       | |  2.0
Throwing       | |  1.7
Dodging        | |  0.8
Stealth        | |  3.2

Action                     |  1- 3 |  4- 6 || total
---------------------------+-------+-------++-------
  Melee: Dagger            |    99 |    41 ||   140
         Short sword       |    76 |    46 ||   122
  Throw: Dart              |       |     1 ||     1
    Use: Potion            |       |     1 ||     1
   Stab: Sleeping          |     3 |     3 ||     6
 Armour: Robe              |    64 |    22 ||    86
  Dodge: Dodged            |    60 |    14 ||    74

Table legend: (Time is in decaauts)
 A = Elapsed time spent in this place.
 B = Non-inter-level travel time spent in this place.
 C = Inter-level travel time spent in this place.
 D = Time resting spent in this place.
 E = Time spent auto-exploring this place.
 F = Levels seen in this place.
 G = Mean time per level.
                   A        B        C        D        E       F      G
               +--------+--------+--------+--------+--------+-----+--------+
         Total |   2598 |   2562 |     36 |      0 |   2093 |   3 |  866.0 |
       Dungeon |   2598 |   2562 |     36 |      0 |   2093 |   3 |  866.0 |
               +--------+--------+--------+--------+--------+-----+--------+

Top non-repeatable levels by time:
     D:2: 1026 daAuts
     D:1: 867 daAuts
     D:3: 705 daAuts
